 Dungeon Crawl Stone Soup version 0.29.1-4-g47bece8355 (webtiles) character file.

Game seed: 6806106080663173638

181 Descartes the Magician (level 5, 0/28 HPs)
             Began as a Deep Elf Fire Elementalist on Dec 11, 2022.
             Slain by a scorpion (7 damage)
             ... on level 3 of the Dungeon.
             The game lasted 00:02:23 (1810 turns).

Descartes the Magician (Deep Elf Fire Elementalist) Turns: 1810, Time: 00:02:23

Health: 0/28       AC:  2    Str:  5    XL:     5   Next: 34%
Magic:  6/13       EV: 13    Int: 22    God:
Gold:   62         SH:  0    Dex: 15    Spells: 11/12 levels left

rFire   . . .      SeeInvis .   (no weapon)
rCold   . . .      Faith    .   (no shield)
rNeg    . . .      Spirit   .   a - +0 robe
rPois   .          Reflect  .   (no helmet)
rElec   .          Harm     .   (no cloak)
rCorr   .          Rampage  .   (no gloves)
Will    .....                   (no boots)
Stlth   +++.......              (no amulet)
HPRegen 0.09/turn               (no ring)
MPRegen 0.13/turn               (no ring)

@: no status effects
A: no striking features
a: no special abilities


You were on level 3 of the Dungeon.
You visited 1 branch of the dungeon, and saw 3 of its levels.

You collected 62 gold pieces.

Inventory:

Armour
 a - a +0 robe (worn)
 p - a +0 leather armour
Scrolls
 d - 4 scrolls of immolation {unknown}
 f - a scroll of summoning {unknown}
 h - 2 scrolls of poison {unknown}
 i - 3 scrolls of noise {unknown}
 j - a scroll of amnesia {unknown}
 k - a scroll of vulnerability {unknown}
 l - 3 scrolls of silence {unknown}
 m - 4 scrolls of identify {unknown}
 n - a scroll of enchant armour {unknown}
 r - a scroll of teleportation {unknown}
Potions
 b - a potion of magic
 c - 2 potions of heal wounds {unknown}
 e - a potion of curing {unknown}
 g - a potion of flight {unknown}
 o - a potion of brilliance {unknown}
 q - a potion of haste {unknown}
 s - a potion of might {unknown}


   Skills:
 + Level 3.6 Dodging
 + Level 3.8 Stealth
 + Level 4.3 Spellcasting
 + Level 2.6 Conjurations
 + Level 4.2 Fire Magic


You had 11 spell levels left.
You knew the following spells:

 Your Spells              Type           Power      Damage    Failure   Level
a - Foxfire               Conj/Fire      76%        2x1d7     2%          1

Your spell library contained the following spells:

 Spells                   Type           Power      Damage    Failure   Level
 Scorch                   Fire           46%        2d7       3%          2
 Conjure Flame            Conj/Fire      19%        6-21      8%          3
 Inner Flame              Hex/Fire       14%        N/A       14%         3
 Flame Wave               Conj/Fire      19%        2d7       26%         4
 Gell's Gravitas          Tloc           4%         N/A       32%         3
 Teleport Other           Tloc           4%         N/A       32%         3
 Dispersal                Tloc           2%         N/A       100%        6


Dungeon Overview and Level Annotations

Branches:
Dungeon (3/15)

Altars:
Makhleb


Message History

The foxfire hits the scorpion.
The scorpion is moderately wounded.
The foxfire hits the scorpion.
The scorpion is heavily wounded.
The scorpion stings you.
You are poisoned.
The scorpion poisons you!
Casting: Foxfire (safe; 2% risk of failure)
Confirm with . or Enter, or press ? or * to list all spells.
You conjure some foxfire!
You feel sick.
The foxfire hits the scorpion.
The scorpion is severely wounded.
The scorpion closely misses you.
Your foxfire dissipates!
You feel sick.
The foxfire hits the scorpion but does no damage.
The scorpion is severely wounded.
Casting: Foxfire (safe; 2% risk of failure)
Confirm with . or Enter, or press ? or * to list all spells.
You conjure some foxfire!
You feel sick. The scorpion barely misses you. The scorpion stings you.
Unknown command.
You feel sick.
The foxfire hits the scorpion.
The scorpion is severely wounded.
The foxfire hits the scorpion but does no damage.
The scorpion is severely wounded.
Casting: Foxfire (safe; 2% risk of failure)
Confirm with . or Enter, or press ? or * to list all spells.
You conjure some foxfire!
You feel sick.
The scorpion stings you but does no damage.
Unknown command.
You feel sick.
The foxfire hits the scorpion.
The scorpion is severely wounded.
The foxfire hits the scorpion but does no damage.
The scorpion is severely wounded.
Casting: Foxfire (safe; 2% risk of failure)
Confirm with . or Enter, or press ? or * to list all spells.
You conjure some foxfire!
You feel sick.
You are no longer poisoned.
The scorpion stings you!
You die...

#.# #..## #.# #..⌠
##.## #..# ##...##
#..#
#.....########..##
#...............8#
#.....######.#..##
##...## #.#vs#
##### #)#.@#
#.#.v8# #....##
##...# #####


You could see a scorpion (ally target).

Vanquished Creatures
  Sigmund (D:2)
  A worm (D:3)
  A dart slug (D:1)
  3 ball pythons
  4 endoplasms (D:1)
  3 giant cockroaches (D:1)
  2 goblins (D:1)
  A hobgoblin (D:1)
  2 quokkas
  2 bats
  A frilled lizard (D:1)
  2 kobolds
  2 rats (D:1)
25 creatures vanquished.

Vanquished Creatures (others)
  123 foxfires
123 creatures vanquished.

Grand Total: 148 creatures vanquished

Notes
Turn   | Place    | Note
-------+----------+-------------------------------------------
     0 | D:1      | Descartes the Deep Elf Fire Elementalist began the quest
                  | for the Orb.
     0 | D:1      | Reached XP level 1. HP: 10/10 MP: 6/6
   238 | D:1      | Reached XP level 2. HP: 15/15 MP: 6/8
   467 | D:1      | Found a faded altar of an unknown god.
   903 | D:2      | Noticed Sigmund
  1113 | D:2      | Found a burning altar of Makhleb.
  1210 | D:2      | Killed Sigmund
  1211 | D:2      | Reached XP level 3. HP: 19/19 MP: 3/10
  1211 | D:2      | Reached XP level 4. HP: 24/24 MP: 3/12
  1211 | D:2      | Reached XP level 5. HP: 28/28 MP: 3/13
  1810 | D:3      | Slain by a scorpion

Illustrated notes

Levels and vault maps discovered:
D:1:      onia_arrival_mini_spirals, layout_rooms,
          hellmonk_ecumenical_altar_leap_of_faith
D:2:      layout_loops_ring, basic_altar, uniq_sigmund
D:3:      layout_loops_ring, chequers_hall_statues_wall_a

Skill      XL: |  1  2 |
---------------+-------+-----
Dodging        | 3 |  3.6
Stealth        | 3 |  3.8
Spellcasting   | 4 |  4.3
Conjurations   | 2 |  2.6
Fire Magic     | 4 |  4.2

Action                   |  1- 3 |  4- 6 || total
-------------------------+-------+-------++-------
Melee: Unarmed           |     1 |       ||     1
 Cast: Foxfire           |    61 |    15 ||    76
Armor: Robe              |     1 |     1 ||     2
Dodge: Dodged            |     4 |     3 ||     7
